 Dungeon Crawl Stone Soup version 0.20.1-1-g8b1a95d66d (webtiles) character file.

104 Burgietje the Skirmisher (level 4, -6/42 HPs)
             Began as a Minotaur Fighter on Dec 22, 2017.
             Killed from afar by an orc wizard (9 damage)
             ... with a puff of flame
             ... on level 3 of the Dungeon.
             The game lasted 00:02:04 (1621 turns).

Burgietje the Skirmisher (Minotaur Fighter)         Turns: 1621, Time: 00:02:05

Health: -6/42      AC:  6    Str: 20    XL:     4   Next: 52%
Magic:  3/3        EV:  7    Int:  5    God:
Gold:   176        SH:  9    Dex: 11    Spells: 3/3 levels left

rFire    . . .     SeeInvis .   a - +0 war axe
rCold    . . .     Gourm    .   c - +0 shield
rNeg     . . .     Faith    .   b - +0 scale mail
rPois    .         Spirit   .   (helmet restricted)
rElec    .         Reflect  .   (no cloak)
rCorr    .         Harm     .   (no gloves)
MR       .....                  (no boots)
Stlth    ..........             (no amulet)
Regen    0.2/turn               (no ring)
MPRegen  0.1/turn               (no ring)

@: no status effects
A: retaliatory headbutt, horns 2
a: no special abilities


You were on level 3 of the Dungeon.
You were not hungry.

You visited 1 branch of the dungeon, and saw 3 of its levels.

You collected 176 gold pieces.

Inventory:

Hand Weapons
 a - a +0 war axe (weapon)
Missiles
 e - 2 javelins (quivered)
Armour
 b - a +0 scale mail (worn)
 c - a +0 shield (worn)
Jewellery
 q - an uncursed amulet of harm {unknown}
Scrolls
 h - 2 scrolls of enchant armour {unknown}
 i - a scroll of recharging {unknown}
 k - a scroll of magic mapping {unknown}
 l - a scroll of teleportation {unknown}
 m - 7 scrolls of identify {unknown}
 v - a scroll of remove curse {unknown}
 x - a scroll of immolation {unknown}
Potions
 d - 2 potions of might
 n - a potion of degeneration {unknown}
 p - 2 potions of flight {unknown}
 r - a potion of curing {unknown}
 s - 2 potions of agility {unknown}
 t - a potion of lignification {unknown}
 u - a potion of invisibility {unknown}
 w - a potion of mutation {unknown}
 z - a potion of heal wounds {unknown}
Books
 y - a book of Misfortune

   Spells                             Type                      Level
   a - Confusing Touch                Hexes                        1
   b - Confuse                        Hexes                        3
   c - Gell's Gravitas                Translocation                3
   d - Petrify                        Transmutation/Earth          4
   e - Metabolic Englaciation         Hexes/Ice                    5
   f - Yara's Violent Unravelling     Hexes/Transmutation          5
Comestibles
 f - 3 bread rations
 g - a chunk of flesh
 j - 3 royal jellies
 o - 2 meat rations


   Skills:
 + Level 5.0 Fighting
 + Level 4.6 Axes
 - Level 3.6 Armour
 - Level 3.6 Shields


You had 3 spell levels left.
You didn't know any spells.

Dungeon Overview and Level Annotations

Branches:
Dungeon (3/15)

Altars:
Ashenzari
Uskayaw


Innate Abilities, Weirdness & Mutations

You reflexively headbutt those who attack you in melee.
You have a pair of horns on your head.


Message History

A puff of flame appears from out of thin air!
The puff of flame misses you.
You miss something. Your headbutt misses something. You barely miss the orc.
You block something's attack. The orc hits you.
* * * LOW HITPOINT WARNING * * *
Something hits you.
* * * LOW HITPOINT WARNING * * *
You closely miss something. You completely miss the orc.
You block something's attack. The orc hits you but does no damage.
Something hits you but does no damage. The orc hits you but does no damage.
You miss something. You hit the orc.
You kill the orc!
Something hits you but does no damage.
You miss something.
Something hits you but does no damage. x2
You miss something.
Something hits you but does no damage. x2
You hit something. You block something's attack.
You hear some strange, mumbled words.
A puff of flame appears from out of thin air!
The puff of flame hits you!
You die...

#.### #.####....#........
####...####.####.##.##.......
.......+.........#...#.......
.#.....##.#.####.#...+..._...
.#.....##.#.####.....#.......
.###)..##.#......##.##(......
####...##.#>.###.............
...'...+..#..###.[...⌠.##+##.
####...####..#.)@{..#...
....#<..#....+.........#
###.........##....###...
#.........##....# #.#
####...#....##....# ..
.......+....##....#
...#####....##..... ...#
#.[..####### ...# ######


There were no monsters in sight!

Vanquished Creatures
  An adder (D:2)
  4 worms
  3 dart slugs (D:1)
  A leopard gecko (D:2)
  7 orcs (D:3)
  5 bats
  5 giant cockroaches
  6 goblins
  5 hobgoblins
  9 jackals
  8 kobolds
  A ball python (D:1)
  4 frilled lizards
  7 rats
66 creatures vanquished.

Notes
Turn   | Place    | Note
-------+----------+-------------------------------------------
     0 | D:1      | Burgietje the Minotaur Fighter began the quest for the Orb.
     0 | D:1      | Reached XP level 1. HP: 19/19 MP: 0/0
    94 | D:1      | Reached XP level 2. HP: 21/27 MP: 1/1
   123 | D:1      | Reached skill level 4 in Fighting
   224 | D:1      | Reached XP level 3. HP: 23/33 MP: 2/2
   909 | D:2      | Found a hide-covered altar of Uskayaw.
   996 | D:2      | Reached XP level 4. HP: 40/41 MP: 3/3
  1288 | D:3      | Found a shattered altar of Ashenzari.
  1391 | D:3      | Reached skill level 5 in Fighting
  1616 | D:3      | HP: 2/42 [something (1)]
  1621 | D:3      | Killed from afar by an orc wizard

Skill      XL: |  1  2  3  4 |
---------------+-------------+-----
Axes           | 3 4 |  4.6
Fighting       | 4 5 |  5.0
Armour         | |  3.6
Shields        | |  3.6

Action                   |  1- 3 |  4- 6 || total
-------------------------+-------+-------++-------
Melee: War axe           |   113 |    47 ||   160
       Headbutt          |    15 |     5 ||    20
  Eat: Chunk             |     1 |     2 ||     3
Armor: Scale mail        |    48 |    17 ||    65
Dodge: Dodged            |    38 |    13 ||    51
Block: Shield            |    66 |    21 ||    87
